 Dungeon Crawl Stone Soup version 0.31.0-12-g77e489cdc1 (webtiles) character file.

Game seed: 9118657399471215410

36010 Peloso the Fencer (level 13, -3/122 HPs)
             Began as a Minotaur Fighter on Mar 7, 2024.
             Was the Champion of Okawaru.
             Engulfed by a cloud of freezing vapour (14 damage)
             ... in an ice cave.
             The game lasted 00:31:23 (20148 turns).

Peloso the Fencer (Minotaur Fighter)               Turns: 20148, Time: 00:31:23

Health: -3/122     AC: 16    Str: 21    XL:     13   Next: 50%
Magic:  12/12      EV:  8    Int:  5    God:    Okawaru [******]
Gold:   2145       SH: 12    Dex: 15    Spells: 12/12 levels left

rFire   . . .        a - +5 double sword (venom)
rCold   . . .        d - +0 kite shield
rNeg    . . .        p - +0 plate armour
rPois   .            (helmet restricted)
rElec   .            (no cloak)
rCorr   .            (no gloves)
SInv    .            (no boots)
Will    .....        (no amulet) Stlth
                     q - ring of flight
HPRegen 0.40/turn    (no ring)
MPRegen 0.13/turn

%: no passive effects
@: flying
A: horns 2, retaliatory headbutt
a: Renounce Religion, Heroism, Finesse, Duel, Receive Weapon, Receive Armour


You were in an ice cave.
You worshipped Okawaru.
Okawaru was exalted by your worship.
You visited 3 branches of the dungeon, and saw 16 of its levels.
You also visited: Bailey and Ice Cave.

You collected 2145 gold pieces.

Inventory:

Hand Weapons
 a - a +5 double sword of venom (weapon)
 b - a +4 scimitar of flaming
Missiles
 t - 3 throwing nets (quivered)
Armour
 c - a +1 chain mail of poison resistance
 d - a +0 kite shield (worn)
 p - a +0 plate armour (worn)
Jewellery
 e - a ring of fire
 q - a ring of flight (left hand)
 C - a ring of wizardry
 D - a +6 ring of strength
 H - an amulet of magic regeneration
Wands
 r - a wand of paralysis (8)
 v - a wand of flame (21)
 F - a wand of iceblast (3)
Scrolls
 f - 4 scrolls of poison
 h - 2 scrolls of summoning
 i - 3 scrolls of enchant armour
 k - 2 scrolls of teleportation
 l - 2 scrolls of vulnerability
 n - 3 scrolls of amnesia
 u - 2 scrolls of enchant weapon
 w - a scroll of brand weapon {unknown}
 E - a scroll of fear {unknown}
 G - a scroll of immolation {unknown}
Potions
 g - 3 potions of might
 o - 2 potions of mutation
 s - 2 potions of curing
 x - a potion of enlightenment {unknown}
 z - a potion of cancellation
 A - a potion of attraction
 B - 3 potions of magic {unknown}


   Skills:
 + Level 13.0 Fighting
 + Level 16.6 Long Blades
 + Level 14.2 Armour
 + Level 4.4 Dodging
 + Level 1.2 Stealth
 + Level 12.1 Shields
 + Level 1.3 Invocations


You had 12 spell levels left.
You didn't know any spells.
Your spell library contained the following spells:

 Spells                   Type           Power      Damage    Failure   Level
 Sublimation of Blood     Necr           0%         N/A       100%        2
 Fugue of the Fallen      Necr           0%         N/A       100%        3
 Ozocubu's Armour         Ice            0%         N/A       100%        3
 Manifold Assault         Tloc           0%         N/A       100%        4
 Petrify                  Alch/Erth      0%         N/A       100%        4
 Irradiate                Conj/Alch      0%         3d11      100%        5


Dungeon Overview and Level Annotations

Branches:
Dungeon (12/15)            Temple (1/1) D:4            Lair (3/5) D:11
  Swamp (0/4) Lair:3       Spider (0/4) Lair:2          Orc (0/2) D:9
 Bailey (visited)           IceCv (1/1)

Altars:
Ashenzari
Cheibriados
Dithmenos
Elyvilon
Fedhas
Gozag
Hepliaklqana
Kikubaaqudgha
Makhleb
Nemelex Xobeh
Okawaru
Qazlal
Ru
Sif Muna
Trog
Uskayaw
Vehumet
Wu Jian
Xom
Yredelemnul
Zin
The Shining One

Shops:
D:7 [


Innate Abilities, Weirdness & Mutations

You have a pair of horns on your head.
You reflexively headbutt those who attack you in melee.


Message History

Found a wand of iceblast (4).
The reaper says, "Everyone has to die sometime, and your time is now."
The reaper attacks as it pursues you! The reaper barely misses you.
The reaper attacks as it pursues you!
The reaper hits you from afar with a -4 scythe of freezing!!
* * * LOW HITPOINT WARNING * * *
The reaper drags you backwards! The reaper freezes you.
* * * LOW HITPOINT WARNING * * *
You feel better.
The reaper hits you with a -4 scythe of freezing.
* * * LOW HITPOINT WARNING * * *
The reaper drags you backwards! The reaper freezes you.
* * * LOW HITPOINT WARNING * * *
Unknown command.
You hit the reaper. You headbutt the reaper.
The reaper is lightly wounded.
You block the reaper's attack.
Unknown command.
You slash the reaper! You headbutt the reaper.
The reaper is moderately wounded.
Your surroundings suddenly seem different.
Found a potion of curing.
Unknown command.
As you read the scroll of teleportation, it crumbles to dust.
You feel strangely unstable. The reaper attacks as it pursues you!
You block the reaper's attack. The ufetubus slips past you!
The ufetubus closely misses you. The ufetubus hits you.
* * * LOW HITPOINT WARNING * * *
The reaper attacks as it pursues you! The reaper completely misses you.
You block the ufetubus's attack.
The ufetubus hits you but does no damage.
Your surroundings suddenly seem different.
You block the reaper's attack.
Blink to where?
Press: ? - help, Dir - move target
As you read the scroll of blinking, it crumbles to dust.
Okay, then.
You are engulfed in freezing vapours.
You die...

#### #### ####.#.##
##..## #### #.......##
##....#####..####.......#
#.......##....##........#
#.∩.∩......(#...........#
#..........###@§.......##
##....##..##☼§§#.......#
##..#######§§###......#
#### #§§##.......#
##5.##.....##
###§§###....## ##...##
##..## ##.....# ...
#..5...## #...


You could see an ufetubus.

Vanquished Creatures
  A hydra (Lair:3)
  A centaur warrior (D:10)
  Erica (Lair:1)
  8 death yaks (D:11)
  A two-headed ogre (D:11)
  Urug (Lair:1)
  A bog body (Lair:3)
  An arcanist (D:11)
  A deep elf pyromancer (D:12)
  An oklob plant (Lair:2)
  2 ugly things
  2 cyclopes
  6 elephants (Lair:1)
  2 ice statues (IceCv)
  A black mamba (Lair:3)
  Maggie (D:6)
  3 komodo dragons
  4 cane toads
  2 unseen horrors (D:11)
  An anaconda simulacrum (IceCv)
  3 ice devils (IceCv)
  A hornet (D:9)
  24 blink frogs
  Grinder (D:4)
  3 wyverns
  34 yaks
  3 basilisks
  2 redbacks (Lair:2)
  2 steam dragons
  A warg (D:9)
  Menkaure (D:6)
  A harpy simulacrum (IceCv)
  A hydra simulacrum (IceCv)
  Duvessa (D:7)
  An acid dragon (D:9)
  8 water moccasins
  A black bear (D:6)
  3 orc warriors
  A sky beast (D:7)
  3 ice beasts
  An ogre (D:10)
  6 wolves
  7 centaurs
  A phantom (D:4)
  A kobold brigand (D:11)
  A weeping skull (D:5)
  9 bullfrogs
  7 gnoll sergeants (Bailey)
  3 scorpions
  3 two-headed ogre simulacra (IceCv)
  A cane toad simulacrum (IceCv)
  7 wights
  Dowan (D:7)
  An elephant simulacrum (IceCv)
  6 killer bees (D:9)
  2 bombardier beetles
  2 howler monkeys
  An electric eel (Lair:2)
  7 orc priests
  A jelly (D:7)
  6 gnoll boudas (Bailey)
  8 hounds
  An iguana (D:5)
  6 orc wizards
  Natasha (D:2)
  6 hell rats (Lair:2)
  2 polar bear simulacra (IceCv)
  A spriggan simulacrum (IceCv)
  A wolf simulacrum (IceCv)
  19 gnolls
  4 adders
  A naga simulacrum (IceCv)
  2 shadow imps (D:7)
  3 white imps (IceCv)
  6 ufetubi
  3 dart slugs
  52 orcs
  7 endoplasms
  5 giant cockroaches
  9 goblins
  5 hobgoblins
  6 jackals
  10 kobolds
  6 quokkas
  10 ball pythons
  4 bats
  3 frilled lizards
  3 rats
  A spectral orc (D:5)
395 creatures vanquished.

Vanquished Creatures (others)
  2 orc wizards
  An orc (D:8)
3 creatures vanquished.

Grand Total: 398 creatures vanquished

Notes
Turn   | Place    | Note
-------+----------+-------------------------------------------
     0 | D:1      | Peloso the Minotaur Fighter began the quest for the Orb.
     0 | D:1      | Reached XP level 1. HP: 19/19 MP: 0/0
   153 | D:1      | Reached XP level 2. HP: 27/27 MP: 1/1
   719 | D:1      | Reached skill level 3 in Long Blades
   719 | D:1      | Reached XP level 3. HP: 33/33 MP: 2/2
  1351 | D:2      | Reached XP level 4. HP: 35/40 MP: 3/3
  1394 | D:2      | Reached skill level 1 in Dodging
  1576 | D:2      | Noticed Natasha
  1585 | D:2      | Killed Natasha
  1734 | D:3      | Found a blossoming altar of Fedhas.
  1825 | D:3      | Reached skill level 4 in Long Blades
  2061 | D:3      | Reached XP level 5. HP: 38/46 MP: 4/4
  2092 | D:3      | Reached skill level 5 in Armour
  2273 | D:4      | Noticed Grinder
  2295 | D:4      | Killed Grinder
  2296 | D:4      | Reached skill level 5 in Long Blades
  2296 | D:4      | Reached XP level 6. HP: 28/53 MP: 5/5
  2899 | D:4      | Reached skill level 6 in Long Blades
  2899 | D:4      | Reached XP level 7. HP: 60/60 MP: 6/6
  3050 | D:4      | Found a staircase to the Ecumenical Temple.
  3480 | Temple   | Entered the Ecumenical Temple
  3503 | Temple   | Became a worshipper of Warmaster Okawaru
  3569 | D:5      | Entered Level 5 of the Dungeon
  3577 | D:5      | Found a basalt altar of Yredelemnul.
  3590 | D:5      | Reached skill level 5 in Fighting
  3710 | D:5      | Found a sparkling altar of Nemelex Xobeh.
  4060 | D:5      | Reached skill level 7 in Long Blades
  4060 | D:5      | Reached skill level 5 in Shields
  4123 | D:5      | Reached * piety under Okawaru
  4366 | D:6      | Reached XP level 8. HP: 32/70 MP: 7/7
  4656 | D:6      | Noticed Maggie
  4677 | D:6      | Killed Maggie
  4678 | D:6      | Reached skill level 8 in Long Blades
  4835 | D:6      | Noticed Menkaure
  4841 | D:6      | Killed Menkaure
  5635 | D:7      | Reached XP level 9. HP: 73/78 MP: 8/8
  5703 | D:7      | Noticed Duvessa
  5705 | D:7      | Noticed Dowan
  5716 | D:7      | Killed Duvessa
  5717 | D:7      | Reached skill level 9 in Long Blades
  5718 | D:7      | Killed Dowan
  5719 | D:7      | Reached skill level 1 in Invocations
  5842 | D:7      | Reached ** piety under Okawaru
  6263 | D:7      | Found Sorph's Antique Armour Shoppe.
  6653 | D:8      | Noticed a brown ugly thing
  6661 | D:8      | Killed a brown ugly thing
  6665 | D:8      | Found a flagged portal.
  6690 | Bailey   | Entered a bailey
  7205 | Bailey   | Reached skill level 10 in Long Blades
  8382 | Bailey   | Reached XP level 10. HP: 72/88 MP: 9/9
  8954 | Bailey   | Identified a scroll of acquirement
  8958 | Bailey   | Acquired a +5 double sword of venom
  9045 | D:8      | Found the amulet of Elemental Vulnerability {rPois rF--
                  | rC-- AC+8}
  9658 | D:8      | Found a glowing silver altar of Zin.
  9658 | D:8      | Found a burning altar of Makhleb.
  9659 | D:8      | Noticed a blizzard demon
  9659 | D:8      | Noticed an angel
 10111 | D:9      | Reached skill level 11 in Long Blades
 10202 | D:9      | Reached skill level 10 in Armour
 10403 | D:9      | Found a staircase to the Orcish Mines.
 10417 | D:9      | Reached *** piety under Okawaru
 10421 | D:9      | Reached skill level 1 in Stealth
 10859 | D:9      | Paralysed by a hornet for 3 turns
 11021 | D:10     | Entered Level 10 of the Dungeon
 11071 | D:10     | Noticed a centaur warrior
 11078 | D:10     | Killed a centaur warrior
 11128 | D:10     | Reached skill level 12 in Long Blades
 11487 | D:10     | Reached **** piety under Okawaru
 11492 | D:10     | Reached XP level 11. HP: 74/97 MP: 10/10
 11594 | D:10     | Found a radiant altar of Vehumet.
 11889 | D:9      | Noticed a brown ugly thing
 11894 | D:9      | Killed a brown ugly thing
 12217 | D:11     | Noticed a death yak
 12237 | D:11     | Killed a death yak
 12384 | D:11     | Noticed an arcanist
 12392 | D:11     | Killed an arcanist
 12393 | D:11     | Reached skill level 13 in Long Blades
 12469 | D:11     | Noticed a two-headed ogre
 12478 | D:11     | Killed a two-headed ogre
 12534 | D:11     | Found a staircase to the Lair.
 12534 | D:11     | Noticed a death yak
 12534 | D:11     | Noticed a death yak
 12534 | D:11     | Noticed a death yak
 12536 | D:11     | Noticed a death yak
 12541 | D:11     | Noticed a death yak
 12542 | D:11     | Noticed a death yak
 12542 | D:11     | Noticed a death yak
 12550 | D:11     | Killed a death yak
 12550 | D:11     | Reached ***** piety under Okawaru
 12556 | D:11     | Killed a death yak
 12557 | D:11     | Reached skill level 10 in Fighting
 12562 | D:11     | Killed a death yak
 12568 | D:11     | Killed a death yak
 12569 | D:11     | Reached skill level 14 in Long Blades
 12576 | D:11     | Killed a death yak
 12582 | D:11     | Killed a death yak
 12593 | D:11     | Killed a death yak
 12593 | D:11     | Received a gift from Okawaru
 13067 | D:11     | Reached XP level 12. HP: 105/108 MP: 11/11
 13773 | Lair:1   | Entered Level 1 of the Lair of Beasts
 13802 | Lair:1   | Reached skill level 10 in Shields
 13814 | Lair:1   | Reached skill level 15 in Long Blades
 14137 | Lair:1   | Reached ****** piety under Okawaru
 14196 | Lair:1   | Received a gift from Okawaru
 14412 | Lair:1   | Noticed Urug
 14425 | Lair:1   | Killed Urug
 15362 | Lair:1   | Noticed Erica
 15369 | Lair:1   | Killed Erica
 15566 | Lair:2   | Found a shadowy altar of Dithmenos.
 15600 | Lair:2   | Received a gift from Okawaru
 15878 | Lair:2   | Reached skill level 16 in Long Blades
 17013 | Lair:2   | Reached XP level 13. HP: 106/119 MP: 12/12
 17091 | Lair:2   | Found a hole to the Spider Nest.
 17842 | Lair:3   | Received a gift from Okawaru
 18186 | Lair:3   | Found a staircase to the Swamp.
 19383 | D:12     | Found a frozen archway.
 19418 | IceCv    | Entered an ice cave
 19439 | IceCv    | Received a gift from Okawaru
 20091 | IceCv    | Noticed a reaper
 20105 | IceCv    | HP: 4/122 [something (12)]
 20148 | IceCv    | Engulfed by a cloud of freezing vapour

Illustrated notes

Levels and vault maps discovered:
D:1:      denvon_arrival_planthouse, layout_loops_ring, serial_forest,
          infiniplex_forest_clump_double, infiniplex_forest_straight_5,
          infiniplex_forest_clump_small, infiniplex_forest_clump_curved,
          infiniplex_forest_corner_1, nrook_loot_triangle
D:2:      layout_rooms, uniq_natasha
D:3:      layout_rooms, fedhas_altar_1, nicolae_concentric_dashed_squares_wild
D:4:      layout_loops_corners, minmay_temple_entry_enclosed_plants,
          uniq_grinder
D:5:      layout_basic, kennysheep_little_box,
          yredelemnul_forgotten_temple_becter, minmay_misc_feat_chi
D:6:      layout_gridville, uniq_maggie, uniq_menkaure
D:7:      layout_loops_ring, serial_shops, nicolae_shop_real_fake_doors,
          hangedman_decor_slide_cut, uniq_duvessa
D:8:      layout_layer_cave, grunt_temple_overflow_order_and_chaos_2,
          enter_bailey_5, nicolae_houndstooth_variations
D:9:      layout_basic, minmay_orc_entry_guard_dogs
D:10:     layout_roguey [special_room_orc], mainiacjoe_overflow_24_doors
D:11:     layout_stronghold, dpeg_lair_monsters
D:12:     layout_loops_ring, portal_ice_cave_entry_pillars_2
Temple:   nicolae_temple_elliptical
Lair:1:   layout_regular_city, chequers_serial_rivers_micro_a, uniq_urug,
          uniq_erica
Lair:2:   layout_long_grid, spider_nest_entry_webs, basic_altar,
          serial_bayou_pond_e, serial_bayou_lagoon_a, grunt_megastairs_3,
          serial_bayou_shore_a
Lair:3:   layout_cave_pods, skrybe_swamp_entry_bodies
IceCv:    ice_cave_small_demon

Skill      XL: |  1  2  3  4  5  6  7  8  9 10 11 12 13 |
---------------+----------------------------------------+-----
Shields        | 4 5 6 8 9 11 12 | 12.1
Long Blades    | 3 4 5 6 7 8 10 12 14 16 | 16.6
Fighting       | 4 5 6 7 9 10 12 13 | 13.0
Armour         | 4 5 6 7 9 10 11 13 14 | 14.2
Dodging        | 1 2 3 4 |  4.4
Invocations    | 1 |  1.3
Stealth        | 1 |  1.2

Action                     |  1- 3 |  4- 6 |  7- 9 | 10-12 | 13-15 || total
---------------------------+-------+-------+-------+-------+-------++-------
  Melee: Long sword        |    96 |   122 |   392 |    41 |       ||   651
         Headbutt          |    12 |    18 |    93 |   149 |    64 ||   336
         Double sword      |       |       |       |   509 |   203 ||   712
         Scimitar          |       |       |       |       |     5 ||     5
 Invoke: Heroism           |       |       |     6 |     1 |       ||     7
    Use: Scroll            |     4 |     2 |     6 |     5 |     9 ||    26
         Potion            |     2 |       |     5 |     3 |     5 ||    15
 Armour: Scale mail        |    46 |       |       |       |       ||    46
         Chain mail        |    26 |   117 |   209 |    91 |    94 ||   537
         Plate armour      |       |       |   154 |   395 |    33 ||   582
  Dodge: Dodged            |    41 |    28 |   143 |   140 |    62 ||   414
  Block: Buckler           |    22 |     9 |       |       |       ||    31
         Kite shield       |       |    32 |   264 |   322 |   107 ||   725
